 Dungeon Crawl Stone Soup version 0.31.0-12-g77e489cdc1 (webtiles) character file.

Game seed: 15249813500333608667

32 LabCoat the Trooper (level 3, -2/33 HPs)
             Began as a Hill Orc Fighter on Feb 12, 2024.
             Slain by a quokka (3 damage)
             ... on level 3 of the Dungeon.
             The game lasted 00:03:41 (1234 turns).

LabCoat the Trooper (Hill Orc Fighter)              Turns: 1234, Time: 00:03:42

Health: -2/33      AC: 10    Str: 20    XL:     3   Next: 27%
Magic:  3/3        EV:  7    Int:  8    God:
Gold:   90         SH:  4    Dex: 10    Spells: 2/2 levels left

rFire   . . .        a - +0 war axe
rCold   . . .        c - +0 buckler
rNeg    . . .        r - +0 chain mail
rPois   .            h - +0 helmet
rElec   .            (no cloak)
rCorr   .            (no gloves)
SInv    .            (no boots)
Will    .....        (no amulet) Stlth
                     (no ring)
HPRegen 0.25/turn    (no ring)
MPRegen 0.08/turn

%: no passive effects
@: mighty, hasted, very quick
A: no striking features
a: no special abilities


You were on level 3 of the Dungeon.
You visited 1 branch of the dungeon, and saw 3 of its levels.

You collected 90 gold pieces.

Inventory:

Hand Weapons
 a - a +0 war axe (weapon)
 i - a +2 short sword of draining
 j - a +0 mace
Armour
 b - a +0 scale mail
 c - a +0 buckler (worn)
 h - a +0 helmet (worn)
 r - a +0 chain mail (worn)
Scrolls
 f - a scroll of teleportation {unknown}
 g - a scroll of revelation {unknown}
 m - a scroll of blinking {unknown}
 p - 2 scrolls of identify {unknown}
Potions
 d - 2 potions of might
 e - 2 potions of haste
 k - a potion of curing {unknown}
 l - a potion of brilliance {unknown}
 n - a potion of degeneration {unknown}
 o - a potion of berserk rage {unknown}
 q - a potion of invisibility {unknown}


   Skills:
 * Level 3.9 Fighting
 * Level 3.4 Axes
 + Level 0.3 Throwing
 * Level 3.6 Armour
 + Level 0.2 Dodging
 + Level 3.4 Shields
 * Level 0.7 Evocations


You had 2 spell levels left.
You didn't know any spells.
Your spell library was empty.

Dungeon Overview and Level Annotations

Branches:
Dungeon (3/15)

Altars:

Annotations:
D:3 Ijyb, Robin


Message History

Ijyb is lightly wounded.
You slash the goblin!
You kill the goblin!
You barely miss the goblin. You slash the dart slug!
You kill the dart slug!
You slash the goblin!
You kill the goblin!
You slash Robin!
Ijyb zaps a wand.
You suddenly lose the ability to move!
The goblin barely misses you. Robin throws the goblin at you!
The goblin unwields a +0 sling.
The goblin wields a +0 club.
The goblin hits you but does no damage.
The quokka bites you but does no damage.
The goblin hits you but does no damage.
Ijyb zaps a wand.
You shrug off the repeated paralysis!
The goblin hits you with a +0 club. Robin hits you but does no damage.
The goblin hits you with a +0 club.
The quokka bites you but does no damage.
The goblin hits you but does no damage.
Ijyb screams, "No!
No, no, no, no!"
Ijyb hits you but does no damage. The goblin hits you but does no damage.
The quokka bites you but does no damage.
The goblin barely misses you. The goblin hits you with a +0 club.
* * * LOW HITPOINT WARNING * * *
Ijyb hits you with a +0 dagger.
* * * LOW HITPOINT WARNING * * *
The goblin hits you but does no damage.
The quokka bites you but does no damage.
The goblin hits you with a +0 club.
* * * LOW HITPOINT WARNING * * *
The goblin hits you with a +0 club.
* * * LOW HITPOINT WARNING * * *
Ijyb hits you but does no damage.
The quokka bites you but does no damage.
The goblin hits you with a +0 club.
* * * LOW HITPOINT WARNING * * *
The goblin hits you but does no damage.
You can move again.
Okay, then.
It was a potion of haste.
You feel yourself speed up. The quokka bites you.
You die...

##.## #......## #..[.##
#........ #.# ...#
#........ .##.# #..##
#........ #.##.# #..##
#........ #.##.#
#..###.)......
#.##.######....#gg.....?
#.#.........##.g@g......
#....###########gr......
..)#.### #########
<......# .......#
.......# .†..>..#
.......# ########


You could see Ijyb (strong), Robin, a quokka and 3 goblins.

Vanquished Creatures
  2 dart slugs
  A ribbon worm (D:2)
  A ball python (D:1)
  A giant cockroach (D:3)
  5 goblins
  2 hobgoblins
  2 kobolds (D:2)
  2 bats (D:2)
  11 frilled lizards
  A rat (D:2)
28 creatures vanquished.

Notes
Turn   | Place    | Note
-------+----------+-------------------------------------------
     0 | D:1      | LabCoat the Hill Orc Fighter began the quest for the Orb.
     0 | D:1      | Reached XP level 1. HP: 19/19 MP: 1/1
   140 | D:1      | Reached XP level 2. HP: 27/27 MP: 2/2
   881 | D:2      | Reached XP level 3. HP: 33/33 MP: 3/3
  1219 | D:3      | Noticed Ijyb
  1219 | D:3      | Noticed Robin
  1229 | D:3      | Paralysed by Ijyb for 5 turns
  1233 | D:3      | HP: 1/33 [goblin/+0 club (1)]
  1234 | D:3      | Slain by a quokka

Illustrated notes

Levels and vault maps discovered:
D:1:      saegor_arrival_simple_b, layout_rooms, minmay_misc_feat_roman,
          minmay_lizard_pond
D:2:      layout_loops_cross, minmay_tetromino_i4
D:3:      layout_rooms, lightli_temple_of_fire, mainiacjoe_overflow_paths,
          nicolae_goblin_pals

Skill      XL: |  1 |
---------------+----+-----
Axes           | 3 |  3.4
Fighting       | |  3.9
Throwing       | |  0.3
Armour         | |  3.6
Dodging        | |  0.2
Shields        | |  3.4
Evocations     | |  0.7

Action                     || total
---------------------------++-------
  Melee: War axe           ||    27
         Short sword       ||    33
    Use: Potion            ||     2
 Armour: Scale mail        ||    17
         Chain mail        ||    43
  Dodge: Dodged            ||    32
  Block: Buckler           ||    19
